 Dungeon Crawl Stone Soup version 0.30.1-4-g462c640d31 (webtiles) character file.

Game seed: 7570885596885572503

221543 Peloso the Minotaur Blade (level 18, -20/178 HPs)
             Began as a Minotaur Fighter on Aug 11, 2023.
             Was the Champion of Okawaru.
             Demolished by an azure jelly (31 damage)
             ... on level 5 of the Pits of Slime.
             The game lasted 01:52:47 (32805 turns).

Peloso the Minotaur Blade (Minotaur Fighter)       Turns: 32805, Time: 01:52:48

Health: -20/178    AC: 20    Str: 37    XL:     18   Next: 88%
Magic:  3/19       EV: 16    Int:  5    God:    Okawaru [******]
Gold:   3360       SH: 30    Dex: 17    Spells: 17/17 levels left

rFire   + + .        a - +12 Maxwell's thermic engine {flame, freeze, rev}
rCold   . . .        d - +8 tower shield of Jigsaw {rElec}
rNeg    + . .        m - +11 chain mail "Taun" {Str+3}
rPois   +            h - +1 hat of Eternal Night {-Cast rF+ Str+5 Dex+3}
rElec   +            r - -1 cloak "Niupen" {Regen+ Str+2}
rCorr   +            p - +1 pair of gloves of Minor Irritation {Regen+}
SInv    .            H - +1 pair of boots of the Pits of Slime {rPois rF+ Dex+2}
Will    ++...        O - amulet "Xudoxt" {rN+ Regen+ rCorr} Stlth
                     g - ring of willpower
HPRegen 2.89/turn    q - +4 ring of slaying
MPRegen 0.16/turn

%: no spellcasting, random rage (3%)
@: mighty, corroded, on berserk cooldown, studying Polearms
A: horns 2, retaliatory headbutt, berserk 1, sense surroundings 1
a: Renounce Religion, Heroism, Finesse, Duel


You were on level 5 of the Pits of Slime.
You worshipped Okawaru.
Okawaru was exalted by your worship.
You visited 6 branches of the dungeon, and saw 31 of its levels.
You also visited: Gauntlet, Ice Cave and Volcano.

You collected 3480 gold pieces.
You spent 120 gold pieces at shops.

Inventory:

Hand Weapons
 a - the +12 Maxwell's thermic engine (weapon) {flame, freeze, rev}
   (You found it on level 5 of the Lair of Beasts)
 b - a +3 double sword of flaming
 c - the +2 falchion of Ancient Evil {spect, Int+4}
   (You found it in a Gauntlet)

   Int:       It affects your intelligence (+4).
Armour
 d - the +8 tower shield of Jigsaw (worn) {rElec}
   (You found it on level 3 of the Elven Halls)

   rElec:     It insulates you from electricity.
 h - the +1 hat of Eternal Night (worn) {-Cast rF+ Str+5 Dex+3}
   (You found it on level 4 of the Dungeon)

   Str:       It affects your strength (+5).
   Dex:       It affects your dexterity (+3).
   rF:        It protects you from fire.
   -Cast:     It prevents spellcasting.
 m - the +11 chain mail "Taun" (worn) {Str+3}
   (Okawaru gifted it to you on level 5 of the Pits of Slime)

   Str:       It affects your strength (+3).
 p - the +1 pair of gloves of Minor Irritation (worn) {Regen+}
   (Okawaru gifted it to you on level 13 of the Dungeon)

   Regen:     It increases your rate of health regeneration.
 r - the -1 cloak "Niupen" (worn) {Regen+ Str+2}
   (Okawaru gifted it to you on level 4 of the Lair of Beasts)

   Str:       It affects your strength (+2).
   Regen:     It increases your rate of health regeneration.
 H - the +1 pair of boots of the Pits of Slime (worn) {rPois rF+ Dex+2}
   (Okawaru gifted it to you on level 3 of the Elven Halls)

   Dex:       It affects your dexterity (+2).
   rF:        It protects you from fire.
   rPois:     It protects you from poison.
 T - a +3 plate armour of willpower
 X - a +2 hat of see invisible
Jewellery
 g - a ring of willpower (left hand)
 q - a +4 ring of slaying (right hand)
 t - a +6 ring of strength
 I - a ring of protection from cold
 J - a +6 ring of strength
 O - the amulet "Xudoxt" (around neck) {rN+ Regen+ rCorr}
   (You found it on level 2 of the Lair of Beasts)

   [amulet of regeneration]

   rN:        It protects you from negative energy.
   Regen:     It increases your rate of health regeneration.
   rCorr:     It protects you from acid and corrosion.
Wands
 K - a wand of digging (6)
Scrolls
 f - 4 scrolls of fear
 i - a scroll of magic mapping
 j - 15 scrolls of teleportation
 l - 4 scrolls of blinking
 v - 7 scrolls of identify
 E - a scroll of acquirement
 Q - 3 scrolls of poison
Potions
 e - 4 potions of might
 k - 4 potions of haste
 o - 3 potions of flight
 w - 4 potions of curing
 x - a potion of berserk rage
 A - 9 potions of lignification
 B - 3 potions of heal wounds
 C - 2 potions of mutation
 U - a potion of invisibility
 Z - a potion of resistance


   Skills:
 + Level 20.1 Fighting
 + Level 21.0 Long Blades
 + Level 17.1 Armour
 + Level 11.7 Dodging
 + Level 3.5 Stealth
 + Level 20.8 Shields
 + Level 3.0 Invocations
 + Level 1.4 Evocations


You had 17 spell levels left.
You didn't know any spells.
Your spell library contained the following spells:

 Spells                   Type           Power      Damage    Failure   Level
 Foxfire                  Conj/Fire      0%         2x1d4     85%         1
 Kiss of Death            Conj/Necr      0%         2d5       85%         1
 Magic Dart               Conj           0%         1d3       85%         1
 Sandblast                Erth           0%         2d4       85%         1
 Blink                    Tloc           0%         N/A       94%         2
 Cigotuvi's Dreadful Rot  Necr/Pois/Air  0%         N/A       94%         2
 Ensorcelled Hibernation  Hex/Ice        0%         N/A       94%         2
 Lesser Beckoning         Tloc           0%         N/A       94%         2
 Momentum Strike          Conj/Tloc      0%         3d8       94%         2
 Passwall                 Tmut/Erth      0%         N/A       94%         2
 Poisonous Vapours        Pois/Air       0%         N/A       94%         2
 Searing Ray              Conj           0%         2d4       94%         2
 Confusing Touch          Hex            0%         N/A       99%         3
 Gell's Gravitas          Tloc           0%         N/A       99%         3
 Hailstorm                Conj/Ice       0%         3d3       99%         3
 Ignite Poison            Fire/Tmut/Pois 0%         N/A       99%         3
 Inner Flame              Hex/Fire       0%         N/A       99%         3
 Mephitic Cloud           Conj/Pois/Air  0%         N/A       99%         3
 Portal Projectile        Hex/Tloc       0%         N/A       99%         3
 Spider Form              Tmut/Pois      0%         N/A       99%         3
 Stone Arrow              Conj/Erth      0%         3d7       99%         3
 Teleport Other           Tloc           0%         N/A       99%         3
 Anguish                  Hex/Necr       0%         N/A       100%        4
 Cause Fear               Hex            0%         N/A       100%        4
 Dispel Undead            Necr           0%         3d6       100%        4
 Flame Wave               Conj/Fire      0%         2d4       100%        4
 Ice Form                 Ice/Tmut       0%         N/A       100%        4
 Leda's Liquefaction      Hex/Erth       0%         N/A       100%        4
 Manifold Assault         Tloc           0%         N/A       100%        4
 Petrify                  Tmut/Erth      0%         N/A       100%        4
 Sticky Flame             Conj/Fire      0%         2d3       100%        4
 Freezing Cloud           Conj/Ice/Air   0%         6-21      100%        5
 Metabolic Englaciation   Hex/Ice        0%         N/A       100%        5
 Dispersal                Tloc           0%         N/A       100%        6
 Statue Form              Tmut/Erth      0%         N/A       100%        6
 Enfeeble                 Hex            0%         N/A       100%        7
 Ozocubu's Refrigeration  Ice            0%         4d7       100%        7
 Storm Form               Tmut/Air       0%         N/A       100%        7
 Disjunction              Tloc           0%         N/A       100%        8
 Ignition                 Fire           0%         3d3       100%        8
 Polar Vortex             Ice            0%         N/A       100%        9
 Call Imp                 Summ           Unusable   N/A       N/A         2
 Call Canine Familiar     Summ           Unusable   N/A       N/A         3
 Summon Ice Beast         Ice/Summ       Unusable   N/A       N/A         4
 Summon Mana Viper        Hex/Summ       Unusable   N/A       N/A         5
 Simulacrum               Ice/Necr       Unusable   N/A       N/A         6
 Malign Gateway           Summ/Tloc      Unusable   N/A       N/A         7
 Monstrous Menagerie      Summ           Unusable   N/A       N/A         7
 Spellforged Servitor     Conj/Summ      Unusable   N/A       N/A         7

Dungeon Overview and Level Annotations

Branches:
Dungeon (15/15)            Temple (0/1) D:7            Lair (5/5) D:9
 Shoals (0/4) Lair:3       Spider (1/4) Lair:3        Slime (5/5) Lair:5
    Orc (2/2) D:9             Elf (3/3) Orc:2        Vaults (0/5) D:13
 Depths (0/4) D:15          IceCv (visited)         Volcano (visited)
Gauntlet (visited)

Altars:
Nemelex Xobeh
Okawaru
Qazlal
Trog
Uskayaw
Vehumet
Xom
The Shining One
Jiyva

Shops:
D:9 *   Orc:2 [:!*   Elf:2 *

Annotations:
D:12 Casa -
Elf:2 5 runed translucent doors


Innate Abilities, Weirdness & Mutations

You have a pair of horns on your head.
You reflexively headbutt those who attack you in melee.
You sometimes lose your temper in combat.
You passively map a small area around you.


Message History

You feel yourself slow down.
The rockslime hits you but does no damage.
You block the azure jelly's attack. x3
The azure jelly hits you but does no damage.
Unknown command.
You hit the rockslime but do no damage. You freeze the rockslime.
You headbutt the rockslime!
The rockslime is moderately wounded.
You block the rockslime's attack.
The azure jelly hits you but does no damage.
You block the azure jelly's attack. The azure jelly closely misses you.
You block the azure jelly's attack.
You hit the rockslime but do no damage. You freeze the rockslime.
You headbutt the rockslime, but do no damage.
The rockslime is moderately wounded.
You block the rockslime's attack.
The azure jelly hits you but does no damage.
You block the azure jelly's attack.
The azure jelly hits you but does no damage. x2
You hit the rockslime but do no damage. You freeze the rockslime.
The rockslime is moderately wounded.
You feel yourself speed up. You block the rockslime's attack.
The azure jelly hits you but does no damage.
The azure jelly hits you. The azure jelly freezes you!!
* * * LOW HITPOINT WARNING * * *
You block the azure jelly's attack.
The azure jelly hits you but does no damage.
The rockslime hits you!!
* * * LOW HITPOINT WARNING * * *
You hold your ground!
You feel much better. You block the azure jelly's attack. x2
The azure jelly closely misses you. The azure jelly hits you.
* * * LOW HITPOINT WARNING * * *
The rockslime hits you!!
* * * LOW HITPOINT WARNING * * *
You hold your ground!
The azure jelly hits you.
* * * LOW HITPOINT WARNING * * *
The azure jelly freezes you!!
You die...

.....## .................
.....# * .
#?###...............
...### ##.
($?##............... ..#
##..##))$##..............
.#
[....$))"$###............
. * ,......!)( *
#.....J...... :....).[[*
#............
.......J#####............
........@..##............
,
.......J.#...............
........#####............
,/....[.$! #.............
......[=/? ##............
,
)....$)")/#*.............
##..##(/)###.............
,##. ???##...............
. #:## ...............


You could see an azure jelly and a rockslime.

Vanquished Creatures
  the Royal Jelly (Slime:5)
  Saint Roka (Orc:2)
  11 acid blobs
  A deep elf blademaster (Elf:3)
  Frances (D:12)
  Gastronok (Lair:3)
  9 rockslimes
  Roxanne (D:15)
  8 azure jellies
  Aizul (Elf:1)
  An emperor scorpion (Spider:1)
  12 deep elf sorcerers (Elf:3)
  7 deep elf elementalists (Elf:3)
  9 quicksilver oozes
  2 reapers (IceCv)
  A very ugly thing (IceCv)
  Nessos (Lair:3)
  9 deep elf demonologists
  Azrael (D:12)
  7 deep elf annihilators
  An ettin (D:15)
  A minotaur (Gauntlet)
  2 fire dragons
  4 deep elf death magi (Elf:3)
  Josephine (Lair:3)
  The ghost of Plommelars the Cleaver, a journeyman HOFi of the Shining One (D:12)
  2 great orbs of eyes (Slime:5)
  An entropy weaver (Spider:1)
  4 deep elf high priests
  Fannar (D:12)
  6 hydras
  3 catoblepae
  5 ogre magi
  5 boulder beetles
  6 centaur warriors
  22 two-headed ogres
  Urug (D:10)
  13 dancing weapons
  5 tengu warriors
  2 death scarabs (Gauntlet)
  A deep troll shaman (Lair:5)
  A hell hog (Volcano)
  An orc high priest (Elf:1)
  15 death yaks
  13 deep elf knights
  A spectral death yak (Gauntlet)
  A skyshark (Lair:5)
  A pharaoh ant (Spider:1)
  3 orb spiders
  A glowing orange brain (Slime:4)
  2 deep trolls (D:15)
  2 spriggan simulacra (IceCv)
  25 deep elf zephyrmancers
  An obsidian statue (IceCv)
  An orange crystal statue (IceCv)
  8 wolf spiders
  3 wizards
  3 lindwurms (Lair:4)
  14 deep elf archers
  23 deep elf pyromancers
  2 harpies (Lair:3)
  14 ugly things
  2 necromancers
  6 orc sorcerers
  3 oklob plants (Lair:5)
  6 manticores
  7 cyclopes
  8 elephants
  4 shining eyes
  Joseph (D:7)
  Maurice (Orc:1)
  4 black mambas (Lair:5)
  3 demonic crawlers (Spider:1)
  A torpor snail (Lair:2)
  A molten gargoyle (Volcano)
  8 cane toads
  An unseen horror (D:10)
  6 komodo dragons
  A rime drake (Lair:5)
  8 freezing wraiths (IceCv)
  3 ice devils (IceCv)
  4 tengu conjurers
  5 trolls
  4 polar bears
  A hornet (D:7)
  19 blink frogs
  Grinder (D:5)
  4 tarantellas
  Prince Ribbit (D:7)
  Sigmund (D:4)
  18 jumping spiders
  A centaur simulacrum (D:14)
  2 shadows
  44 slime creatures
  4 water elementals
  3 air elementals
  56 yaks
  7 culicivoras (Spider:1)
  7 fire bats (Volcano)
  3 wyverns
  3 basilisks
  5 wraiths
  8 fire elementals
  3 minotaur simulacra (IceCv)
  11 redbacks (Spider:1)
  3 steam dragons
  7 vampire mosquitoes
  A golden eye (Slime:4)
  Menkaure (D:6)
  3 wargs
  2 harpy simulacra (IceCv)
  8 swamp worms
  10 water moccasins
  Duvessa (D:5)
  6 hell hounds
  A hydra simulacrum (IceCv)
  A floating eye (Slime:5)
  An ice beast (D:8)
  21 orc warriors
  A spectral torpor snail (Gauntlet)
  A black bear (Lair:1)
  3 sky beasts
  An ettin simulacrum (IceCv)
  An alligator simulacrum (IceCv)
  12 centaurs
  28 ogres
  26 wolves
  4 phantoms (D:6)
  Blork the orc (D:5)
  6 earth elementals
  2 kobold brigands
  10 bullfrogs
  A bullfrog (shapeshifter) (D:15)
  A gnoll sergeant (D:10)
  5 scorpions
  6 deep troll simulacra (IceCv)
  A wyvern skeleton (D:6)
  Dowan (D:5)
  A water moccasin skeleton (D:6)
  11 wights
  A lindwurm simulacrum (IceCv)
  10 killer bees (D:9)
  5 howler monkeys
  An electric eel (Spider:1)
  3 bullfrog zombies (D:6)
  A centaur zombie (D:6)
  10 lava snakes
  15 orc priests
  2 jellies (D:6)
  2 hounds
  A gnoll bouda (D:7)
  2 iguanas (D:5)
  2 sleepcaps
  17 orc wizards
  A howler monkey zombie (D:6)
  16 gnolls
  7 adders
  A shadow imp (D:7)
  3 white imps
  2 worms
  3 dart slugs
  71 orcs
  8 endoplasms
  7 giant cockroaches
  10 goblins
  8 hobgoblins
  A jackal (D:2)
  3 quokkas
  6 ball pythons
  6 bats
  2 frilled lizards
  17 kobolds
  6 rats
1035 creatures vanquished.

Vanquished Creatures (others)
  A cane toad (shapeshifter) (Elf:1)
  An unseen horror (D:12)
  A jumping spider (Spider:1)
  A lava snake (Lair:4)
  An orc (Orc:1)
5 creatures vanquished.

Grand Total: 1040 creatures vanquished

Notes
Turn   | Place    | Note
-------+----------+-------------------------------------------
     0 | D:1      | Peloso the Minotaur Fighter began the quest for the Orb.
     0 | D:1      | Reached XP level 1. HP: 19/19 MP: 0/0
   164 | D:1      | Reached XP level 2. HP: 27/27 MP: 1/1
   436 | D:1      | Reached skill level 3 in Long Blades
   755 | D:2      | Reached XP level 3. HP: 29/33 MP: 2/2
  1626 | D:2      | Reached XP level 4. HP: 40/40 MP: 3/3
  1746 | D:3      | Noticed a scorpion
  1760 | D:3      | Killed a scorpion
  1761 | D:3      | Reached skill level 4 in Long Blades
  1880 | D:3      | Reached XP level 5. HP: 47/47 MP: 4/4
  2139 | D:3      | Found a faded altar of an unknown god.
  2370 | D:4      | Noticed Sigmund
  2517 | D:3      | Reached skill level 5 in Long Blades
  2517 | D:3      | Reached skill level 1 in Dodging
  2638 | D:4      | Killed Sigmund
  2639 | D:4      | Reached skill level 5 in Armour
  2639 | D:4      | Reached XP level 6. HP: 52/55 MP: 5/5
  2673 | D:4      | Identified the +1 hat of Eternal Night {-Cast rF+ Str+5
                  | Dex+3}
  2713 | D:4      | Reached skill level 6 in Long Blades
  2814 | D:4      | Reached skill level 5 in Fighting
  2869 | D:4      | Reached XP level 7. HP: 61/61 MP: 6/6
  3128 | D:4      | Reached skill level 7 in Long Blades
  3174 | D:5      | Entered Level 5 of the Dungeon
  3178 | D:5      | Noticed a yak
  3191 | D:5      | Noticed a yak
  3191 | D:5      | Noticed a yak
  3191 | D:5      | Noticed a yak
  3192 | D:5      | Noticed a yak
  3224 | D:4      | Killed a yak
  3225 | D:4      | Reached skill level 8 in Long Blades
  3225 | D:4      | Reached XP level 8. HP: 36/69 MP: 7/7
  3372 | D:4      | Reached skill level 9 in Long Blades
  3372 | D:4      | Reached skill level 5 in Shields
  3797 | D:5      | Found a shimmering altar of Xom.
  3809 | D:5      | Noticed Dowan
  3816 | D:5      | Noticed Duvessa
  3830 | D:5      | Killed Dowan
  3893 | D:5      | Killed Duvessa
  3894 | D:5      | Reached XP level 9. HP: 44/78 MP: 8/8
  4019 | D:5      | Noticed Grinder
  4028 | D:5      | Paralysed by Grinder for 4 turns
  4039 | D:5      | Paralysed by Grinder for 3 turns
  4044 | D:5      | Killed Grinder
  4048 | D:5      | Reached skill level 10 in Long Blades
  4112 | D:5      | Found an iron altar of Okawaru.
  4120 | D:5      | Became a worshipper of Warmaster Okawaru
  4301 | D:5      | Found a hide-covered altar of Uskayaw.
  4302 | D:5      | Noticed Blork the orc
  4313 | D:5      | Killed Blork the orc
  4712 | D:6      | Reached * piety under Okawaru
  4784 | D:7      | Reached skill level 11 in Long Blades
  4896 | D:7      | Reached ** piety under Okawaru
  5105 | D:6      | Noticed Menkaure
  5125 | D:6      | Killed Menkaure
  5135 | D:6      | Reached XP level 10. HP: 50/86 MP: 9/9
  5334 | D:6      | Found a large runed translucent door.
  5334 | D:6      | Found a large runed translucent door.
  5437 | D:6      | Found a stormy altar of Qazlal.
  5452 | D:6      | Found a sparkling altar of Nemelex Xobeh.
  5486 | D:6      | Reached skill level 1 in Stealth
  5538 | D:7      | Found a staircase to the Ecumenical Temple.
  5680 | D:7      | Noticed Prince Ribbit
  5695 | D:7      | Killed Prince Ribbit
  5899 | D:7      | Noticed a cyclops
  5913 | D:7      | Killed a cyclops
  5914 | D:7      | Reached skill level 12 in Long Blades
  6294 | D:7      | Reached *** piety under Okawaru
  6371 | D:7      | Noticed a boulder beetle
  6404 | D:7      | Killed a boulder beetle
  6907 | D:7      | Noticed Joseph
  6925 | D:7      | Killed Joseph
  7688 | D:8      | Found a radiant altar of Vehumet.
  7703 | D:8      | Reached skill level 13 in Long Blades
  7734 | D:8      | Reached XP level 11. HP: 37/97 MP: 10/10
  8566 | D:9      | Found a staircase to the Lair.
  8675 | D:9      | Reached **** piety under Okawaru
  8678 | D:9      | Reached skill level 10 in Armour
  8795 | D:9      | Noticed a two-headed ogre
  8812 | D:9      | Killed a two-headed ogre
  8813 | D:9      | Reached skill level 5 in Dodging
  8813 | D:9      | Reached skill level 1 in Invocations
  8954 | D:9      | Found Ewkon's Assorted Antiques.
  9457 | D:9      | Found a staircase to the Orcish Mines.
  9658 | D:9      | Identified a scroll of acquirement
  9676 | D:10     | Entered Level 10 of the Dungeon
  9831 | D:10     | Reached ***** piety under Okawaru
  9832 | D:10     | Reached skill level 14 in Long Blades
  9835 | D:10     | Reached skill level 10 in Fighting
 10507 | D:10     | Noticed Urug
 10528 | D:10     | Killed Urug
 10944 | D:11     | Identified the +0 hand axe "Qedusenu" {antimagic, rC++
                  | Str+2 Int+2 Dex-3}
 11624 | Lair:1   | Entered Level 1 of the Lair of Beasts
 11972 | Lair:1   | Noticed a catoblepas
 12445 | Lair:1   | Killed a catoblepas
 12446 | Lair:1   | Reached XP level 12. HP: 108/108 MP: 9/11
 12545 | Lair:1   | Received a gift from Okawaru
 13218 | Lair:2   | Noticed a death yak
 13272 | Lair:1   | Reached skill level 15 in Long Blades
 13334 | Lair:2   | Noticed a death yak
 13357 | Lair:1   | Killed a death yak
 13624 | Lair:1   | Killed a death yak
 13923 | Lair:1   | Reached skill level 10 in Shields
 13997 | Lair:2   | Found a transporter.
 14037 | Lair:2   | Found a transporter.
 14107 | Lair:2   | Noticed an eight-headed hydra
 14326 | D:12     | Noticed a two-headed ogre
 14334 | D:12     | Killed a two-headed ogre
 14348 | D:12     | Reached ****** piety under Okawaru
 14349 | D:12     | Found a runed translucent door.
 14349 | D:12     | Found a shimmering altar of Xom.
 14349 | D:12     | Noticed Plommelars's ghost (journeyman HOFi)
 14391 | D:12     | Noticed Fannar
 14412 | D:12     | Killed Fannar
 14419 | D:12     | Found a gate leading to a gauntlet.
 14428 | Gauntlet | Entered a Gauntlet
 14428 | Gauntlet | Found a transporter.
 14428 | Gauntlet | Found a transporter.
 14430 | Gauntlet | Found a transporter.
 14433 | Gauntlet | Found a transporter.
 14466 | Gauntlet | Found a transporter.
 14470 | Gauntlet | Found a transporter.
 14471 | Gauntlet | Found a transporter.
 14471 | Gauntlet | Found a transporter.
 14487 | Gauntlet | Found a transporter.
 14502 | Gauntlet | Found a transporter.
 14522 | Gauntlet | Noticed a death scarab
 14522 | Gauntlet | Noticed a death scarab
 14524 | Gauntlet | Found a transporter.
 14529 | Gauntlet | Found a transporter.
 14539 | Gauntlet | Found a runed translucent door.
 14681 | Gauntlet | Found a transporter.
 14727 | Gauntlet | Identified the +2 falchion of Ancient Evil {spect, Int+4}
 14793 | Gauntlet | Found a transporter.
 14987 | Gauntlet | Acquired a +2 double sword of flaming
 15033 | Gauntlet | Killed a death scarab
 15033 | Gauntlet | Received a gift from Okawaru
 15034 | Gauntlet | Reached XP level 13. HP: 114/118 MP: 11/13
 15099 | Gauntlet | Identified the +1 robe of the Old and Reckless {Will+}
                  | (Okawaru gifted it to you in a Gauntlet)
 15099 | Gauntlet | Received a gift from Okawaru
 15110 | Gauntlet | Identified the amulet "Apnysimi" {Faith Contam Dex+4}
 15194 | Gauntlet | Noticed a minotaur
 15201 | Gauntlet | Killed a minotaur
 16061 | Lair:3   | Found a staircase to the Shoals.
 16214 | Lair:3   | Reached skill level 16 in Long Blades
 16250 | Lair:3   | Noticed Nessos
 16261 | Lair:3   | Killed Nessos
 16340 | Lair:3   | Noticed Josephine
 16350 | Lair:3   | Killed Josephine
 16385 | Lair:3   | Noticed Gastronok
 16395 | Lair:3   | Killed Gastronok
 16845 | Lair:3   | Found a hole to the Spider Nest.
 17098 | D:12     | Noticed Frances
 17110 | D:12     | Killed Frances
 17483 | D:12     | Noticed Azrael
 17495 | D:12     | Killed Azrael
 17672 | D:12     | Identified the +0 hat of Inviolability {Harm} (Okawaru
                  | gifted it to you on level 12 of the Dungeon)
 17672 | D:12     | Received a gift from Okawaru
 17693 | D:12     | You fall into a shaft and drop 1 floor!
 17741 | D:13     | Reached XP level 14. HP: 116/129 MP: 14/14
 18320 | Lair:4   | Reached skill level 1 in Evocations
 18377 | Lair:4   | Found a dark tunnel.
 18396 | Volcano  | Entered a volcano
 18584 | Volcano  | Found a burning altar of Makhleb.
 18964 | Lair:4   | Found a runed translucent door.
 19161 | Lair:4   | Found a runed translucent gate.
 19161 | Lair:4   | Found a runed translucent gate.
 19161 | Lair:4   | Found a runed translucent gate.
 19161 | Lair:4   | Found a runed translucent gate.
 19161 | Lair:4   | Found a runed translucent gate.
 19167 | Lair:4   | Found a runed translucent gate.
 19264 | Lair:4   | Identified the -1 cloak "Niupen" {Regen+ Str+2} (Okawaru
                  | gifted it to you on level 4 of the Lair of Beasts)
 19264 | Lair:4   | Received a gift from Okawaru
 19482 | Lair:5   | Entered Level 5 of the Lair of Beasts
 19606 | Lair:5   | Found a viscous altar of Jiyva.
 19606 | Lair:5   | Found a staircase to the Slime Pits.
 20026 | Lair:5   | Reached skill level 17 in Long Blades
 20237 | Lair:5   | Reached skill level 10 in Dodging
 20765 | Lair:5   | Reached XP level 15. HP: 136/139 MP: 16/16
 20855 | Lair:5   | Identified the +1 long sword "Rasagrut" {protect, rElec
                  | Str+2} (Okawaru gifted it to you on level 5 of the Lair of
                  | Beasts)
 20855 | Lair:5   | Received a gift from Okawaru
 20870 | Lair:5   | Found the +2 Maxwell's thermic engine {flame, freeze, rev}
 21740 | Orc:1    | Entered Level 1 of the Orcish Mines
 21740 | Orc:1    | Found a bloodstained altar of Trog.
 21932 | Orc:2    | Entered Level 2 of the Orcish Mines
 21962 | Orc:2    | Found a staircase to the Elven Halls.
 22196 | Orc:2    | Noticed Saint Roka
 22221 | Orc:2    | Killed Saint Roka
 22224 | Orc:2    | Paralysed by an orc sorcerer for 3 turns
 22248 | Orc:2    | Reached skill level 15 in Fighting
 22369 | Orc:2    | Reached skill level 15 in Shields
 22379 | Orc:2    | Identified the +4 scimitar of Vengeance {speed, rN+ Will-
                  | Stlth+} (Okawaru gifted it to you on level 2 of the Orcish
                  | Mines)
 22379 | Orc:2    | Received a gift from Okawaru
 22492 | Orc:2    | Paralysed by an ogre mage for 4 turns
 22501 | Orc:2    | Paralysed by an ogre mage for 5 turns
 22716 | Orc:2    | Found Boimi's Book Emporium.
 22716 | Orc:2    | Found Gozesh's Antique Armour Boutique.
 22717 | Orc:2    | Found Dusuet's General Store.
 22717 | Orc:2    | Found Zime's Distillery.
 22730 | Orc:2    | Bought a potion of heal wounds for 60 gold pieces
 22730 | Orc:2    | Bought a potion of heal wounds for 60 gold pieces
 22905 | Orc:1    | Noticed Maurice
 22914 | Orc:1    | Killed Maurice
 23498 | D:13     | Identified the +1 pair of gloves of Minor Irritation
                  | {Regen+} (Okawaru gifted it to you on level 13 of the
                  | Dungeon)
 23498 | D:13     | Received a gift from Okawaru
 23499 | D:13     | Reached skill level 18 in Long Blades
 23790 | D:13     | Found a gate to the Vaults.
 24850 | D:14     | Found a glowing golden altar of the Shining One.
 25347 | D:15     | Entered Level 15 of the Dungeon
 25358 | D:15     | Reached XP level 16. HP: 150/151 MP: 17/17
 25396 | D:15     | Found a frozen archway.
 25406 | IceCv    | Entered an ice cave
 25445 | IceCv    | Reached skill level 15 in Armour
 25771 | IceCv    | Received a gift from Okawaru
 25879 | D:15     | Noticed Roxanne
 25903 | D:15     | Killed Roxanne
 26157 | D:15     | Found a staircase to the Depths.
 26721 | Lair:2   | Identified the +2 cloak "Diqadib" {Will+}
 26724 | Lair:2   | Identified the amulet "Xudoxt" {rN+ Regen+ rCorr}
 26883 | D:12     | Killed Plommelars's ghost
 26887 | D:12     | Identified the staff of earth "Yruerch" {rF+ rC- rCorr
                  | Str+8}
 27179 | Spider:1 | Entered Level 1 of the Spider Nest
 27512 | Spider:1 | Received a gift from Okawaru
 27746 | Spider:1 | Reached skill level 19 in Long Blades
 28167 | Elf:1    | Entered Level 1 of the Elven Halls
 28423 | Elf:1    | Reached XP level 17. HP: 153/163 MP: 18/18
 28437 | Elf:1    | Identified the +0 ring mail of Inference {rN+ Will++}
                  | (Okawaru gifted it to you on level 1 of the Elven Halls)
 28437 | Elf:1    | Received a gift from Okawaru
 28474 | Elf:1    | Noticed Aizul
 28489 | Elf:1    | Killed Aizul
 28936 | Elf:2    | Found Xitsesy's Assorted Antiques.
 29422 | Elf:2    | Found a huge runed translucent gate.
 29422 | Elf:2    | Found a huge runed translucent gate.
 29422 | Elf:2    | Found a huge runed translucent gate.
 29422 | Elf:2    | Found a huge runed translucent gate.
 29422 | Elf:2    | Found a huge runed translucent gate.
 29467 | Elf:3    | Entered Level 3 of the Elven Halls
 29652 | Elf:3    | Gained mutation: You sometimes lose your temper in combat.
                  | [a cacodemon]
 29764 | Elf:3    | Identified the +1 pair of boots of the Pits of Slime {rPois
                  | rF+ Dex+2} (Okawaru gifted it to you on level 3 of the
                  | Elven Halls)
 29764 | Elf:3    | Received a gift from Okawaru
 29923 | Elf:3    | Reached skill level 20 in Long Blades
 30109 | Elf:3    | Identified the +9 falchion of Prudence {flame, rPois Dex+3}
 30201 | Elf:3    | Noticed a deep elf blademaster
 30219 | Elf:3    | Killed a deep elf blademaster
 30299 | Elf:3    | Reached XP level 18. HP: 174/174 MP: 19/19
 30302 | Elf:3    | Identified the +6 falchion of Pybb {pain, rN++ Will+}
 30307 | Elf:3    | Paralysed by an air elemental for 1 turns
 30327 | Elf:3    | Noticed a Tzitzimitl
 30328 | Elf:3    | Identified the ring of the Death Scarab {Fire rElec Will+
                  | Str+6 Int-4}
 30347 | Elf:3    | Received a gift from Okawaru
 30462 | Elf:3    | Identified the +8 tower shield of Jigsaw {rElec}
 30482 | Elf:3    | Got the Enchiridion on the Gaseous Shot
 30485 | Elf:3    | Identified the +7 long sword "Ryxterr" {heavy, Str+3 Int+3}
 30488 | Elf:3    | Identified the staff of cold "Egimp" {rPois rC+ Str+4}
 30530 | Elf:3    | Identified the staff of poison "Nyumait" {rElec rPois Int+3
                  | Dex-5}
 30532 | Elf:3    | Found the +7 Spriggan's Knife {stab, EV+4 Stlth+}
 30565 | Elf:3    | Got the Lessons on Scorching Execration
 30567 | Elf:3    | Got Lom Lobon's Octavo of the Jaunt
 30799 | Elf:3    | Paralysed by an air elemental for 1 turns
 31364 | Slime:1  | Entered Level 1 of the Pits of Slime
 31684 | Slime:4  | Gained mutation: You passively map a small area around you.
                  | [a shining eye]
 31835 | Slime:5  | Entered Level 5 of the Pits of Slime
 31884 | Slime:5  | Identified the +11 chain mail "Taun" {Str+3} (Okawaru
                  | gifted it to you on level 5 of the Pits of Slime)
 31884 | Slime:5  | Received a gift from Okawaru
 31891 | Slime:5  | Paralysed by a floating eye for 2 turns
 32044 | Slime:5  | Noticed the Royal Jelly
 32623 | Slime:5  | Paralysed by a great orb of eyes for 2 turns
 32646 | Slime:5  | Found a viscous altar of Jiyva.
 32705 | Slime:5  | Reached skill level 21 in Long Blades
 32776 | Slime:5  | Killed the Royal Jelly
 32777 | Slime:5  | Found the necklace of Bloodlust {Fury *Rage Will++ Int-3
                  | Slay+6}
 32805 | Slime:5  | Demolished by an azure jelly

Illustrated notes

Levels and vault maps discovered:
D:1:      saegor_arrival_miasma, layout_basic, st_stairs_10, serial_bayou_pond_a
D:2:      minmay_inner_zag, layout_loops_corners
D:3:      minmay_angry_zag, layout_loops_ring, basic_ecumenical_altar
D:4:      layout_rooms, kennysheep_generic_room_6, uniq_sigmund
D:5:      layout_rooms, overflow_temple_1_default, okawaru_ov_weapons_minmay,
          nicolae_uskayaw_murder_on_the_dancefloor, uniq_blork_the_orc,
          uniq_grinder, uniq_duvessa
D:6:      layout_rooms, jmf_multi_god_temple2, serial_undead, serial_undead_f,
          serial_undead_b, serial_undead_b, serial_undead_c, serial_undead_a,
          serial_undead_a, minmay_circle_x, uniq_menkaure
D:7:      nicolae_cairo_tiling_very_big, layout_basic, wad_mini_maze,
          uniq_prince_ribbit1, uniq_joseph
D:8:      layout_layer_cave, mainiacjoe_overflow_six_doors_small, st_stairs_11
D:9:      nicolae_cairo_tiling, layout_cave_pods, lair_entry_dummy,
          serial_shops, nicolae_shop_dealshenge
D:10:     layout_basic, uniq_urug
D:11:     layout_loops_ring
D:12:     layout_long_grid, gauntlet_entry_generic, ebering_ghost_xom,
          uniq_fannar, uniq_frances, uniq_azrael
D:13:     layout_layer_cave, david_vaults_1, kb_rosetta
D:14:     layout_roguey, tso_metal_star, kennysheep_generic_room_4
D:15:     hangedman_depths_entry_civil_slaughter, layout_loops_ring,
          portal_ice_cave_entry_pillars_2, fountainhead, uniq_roxanne
Lair:1:   layout_chaotic_city, infiniplex_staircase_pool, grunt_megastairs_3
Lair:2:   gammafunk_worm_tunnel, layout_small_grid
Lair:3:   layout_regular_city, nicolae_shoals_entry_roost,
          nicolae_spider_entry_orb_guardian, lemuel_fruit_fields, uniq_nessos,
          uniq_gastronok, uniq_josephine
Lair:4:   gammafunk_indiana_jones, layout_misc_corridors, enter_volcano_3,
          grunt_megastairs_5
Lair:5:   grunt_lair_end_beastmaster, layout_regular_city,
          minmay_slime_entry_oklob_enclosed
Spider:1: layout_spider_delve
Slime:1:  layout_caves
Slime:2:  layout_caves
Slime:3:  layout_caves
Slime:4:  nicolae_slime_jelly_donut, layout_caves
Slime:5
Orc:1:    layout_diamond_mine, basic_altar, uniq_maurice
Orc:2:    st_orc_ogre_mass, layout_caves, nicolae_orc_sculptors_studio,
          uniq_saint_roka
Elf:1:    nicolae_elf_arrival_no_cutting_in_line, layout_rooms, minivault_28,
          uniq_aizul
Elf:2:    elven_hall_of_blades_hangedman_alternative
          [nicolae_blade_entry_sentries_behind_glass], layout_loops_cross,
          serial_shops, nicolae_shop_peninsula
Elf:3:    minmay_elf_hall_hex, layout_geoelf_grid

Skill      XL: |  1  2  3  4  5  6  7  8  9 10 11 12 13 14 15 16 17 18 |
---------------+-------------------------------------------------------+-----
Long Blades    | 3 4 5 6 8 9 11 13 14 15 16 17 18 19 20 21 | 21.0
Fighting       | 4 5 6 7 9 10 12 13 14 16 17 18 20 | 20.1
Armour         | 4 5 6 7 9 11 12 13 14 15 16 17 | 17.1
Shields        | 4 5 6 8 9 10 12 14 16 17 19 20 | 20.8
Dodging        | 1 2 3 4 6 8 10 11 | 11.7
Stealth        | 1 2 3 |  3.5
Invocations    | 1 2 3 |  3.0
Evocations     | 1 |  1.4

Action                     |  1- 3 |  4- 6 |  7- 9 | 10-12 | 13-15 | 16-18 || total
---------------------------+-------+-------+-------+-------+-------+-------++-------
  Melee: Long sword        |   100 |    96 |   338 |   234 |       |       ||   768
         Headbutt          |    11 |     8 |    78 |   272 |   303 |   329 ||  1001
         Falchion          |       |       |       |   689 |       |       ||   689
         Double sword      |       |       |       |     2 |  1138 |  1189 ||  2329
 Invoke: Heroism           |       |       |       |    20 |    13 |     7 ||    40
  Evoke: Wand              |       |       |       |       |    11 |       ||    11
    Use: Scroll            |       |     8 |     3 |    11 |    12 |     1 ||    35
         Potion            |       |       |       |     2 |     1 |    14 ||    17
   Stab: Petrified         |       |       |       |       |     1 |       ||     1
 Armour: Scale mail        |    52 |     2 |       |       |       |       ||    54
         Pearl dragon scal |       |    61 |   219 |   363 |   476 |   118 ||  1237
         Plate armour      |       |       |       |       |       |   365 ||   365
         Chain mail        |       |       |       |       |       |    69 ||    69
  Dodge: Dodged            |    41 |    58 |   190 |   407 |   503 |   458 ||  1657
  Block: Buckler           |    26 |    21 |    87 |   207 |     5 |       ||   346
         Kite shield       |       |       |       |       |   828 |   740 ||  1568
         Tower shield      |       |       |       |       |       |   396 ||   396
